 Dungeon Crawl Stone Soup version 0.23-a0-49-gd9f7a49 (webtiles) character file.

2280 BigChef the Martial Artist (level 9, -1/71 HPs)
             Began as a Demonspawn Chaos Knight on Aug 6, 2018.
             Slain by an unseen horror (4 damage)
             ... on level 7 of the Dungeon.
             The game lasted 00:30:54 (7865 turns).

BigChef the Martial Artist (DsCK)                   Turns: 7865, Time: 00:30:54

Health: -1/71      AC: 12    Str: 12      XL:     9   Next: 16%
Magic:  0/9        EV: 14    Int: 13 (14) God:    Xom [...*..]
Gold:   447        SH:  5    Dex: 18      Spells: 8/8 levels left

rFire    + + +     SeeInvis .     - Unarmed
rCold    + . .     Gourm    +   n - +0 buckler
rNeg     . . .     Faith    .   m - +1 leather armour {rF+}
rPois    .         Spirit   +   (helmet restricted)
rElec    +         Reflect  .   x - +2 cloak {+Inv}
rCorr    .         Harm     .   (no gloves)
MR       .....                  (no boots)
Stlth    ++........             a - amulet of the gourmand
HPRegen  0.21/turn              j - +3 ring of protection
MPRegen  0.11/turn              l - ring of protection from cold

@: about to teleport, very slightly contaminated, invisible (expiring)
A: horns 1, talons 2, molten scales 2, agile 1, deformed body, deterioration 1,
fire resistance 3, sense surroundings 1, robust 1, electricity resistance,
evolution 1, magic shield, MP-powered wands
a: Renounce Religion


You were on level 7 of the Dungeon.
You worshipped Xom.
You were a favourite toy of Xom.
You were very full.

You visited 1 branch of the dungeon, and saw 7 of its levels.

You collected 447 gold pieces.

Inventory:

Hand Weapons
 e - a +2 hunting sling of freezing
 o - a +2 quarterstaff of chaos
 q - a +2 dagger of holy wrath
Missiles
 c - a throwing net (quivered)
Armour
 m - a +1 leather armour of fire resistance (worn)
 n - a +0 buckler (worn)
 x - a +2 cloak of invisibility (worn)
Jewellery
 a - an amulet of the gourmand (around neck)
 j - a +3 ring of protection (left hand)
 l - a ring of protection from cold (right hand)
Wands
 d - a wand of scattershot (4)
 s - a wand of flame (40)
Scrolls
 g - a scroll of fear
 h - 2 scrolls of remove curse
 i - 2 scrolls of identify
 t - a scroll of enchant armour
 w - a scroll of random uselessness
Potions
 f - a potion of invisibility
 p - a potion of cancellation
Miscellaneous
 r - a phial of floods (inert)
Comestibles
 b - 8 rations


   Skills:
 + Level 4.2 Fighting
 + Level 4.2 Armour
 + Level 4.4 Dodging
 + Level 2.9 Stealth
 + Level 2.6 Shields
 + Level 8.5 Unarmed Combat
 + Level 0.2 Evocations


You had 8 spell levels left.
You didn't know any spells.
Your spell library contained the following spells:

 Spells                   Type           Power        Failure   Level  Hunger
 Mephitic Cloud           Conj/Pois/Air  #.......     80%         3    ####...
 Venom Bolt               Conj/Pois      #.........   100%        5    ######.
 Olgreb's Toxic Radiance  Pois           #.......     99%         4    #####..
 Sting                    Conj/Pois      #...         43%         1    ##.....
 Poisonous Vapours        Pois/Air       #.....       56%         2    ###....


Dungeon Overview and Level Annotations

Branches:
Dungeon (7/15)             Temple (0/1) D:5

Altars:
Cheibriados
Fedhas
Makhleb
Qazlal
Ru
Sif Muna
Vehumet
Xom
The Shining One


Innate Abilities, Weirdness & Mutations

You have razor-sharp toenails.
You are mostly covered in molten scales. (AC +3)
Your flesh is almost immune to the effects of heat. (rF+++)
When hurt, damage is shared between your health and your magic reserves.
You have a pair of small horns on your head.
You are agile. (Dex +2)
Armour fits poorly on your strangely shaped body.
Your body sometimes deteriorates upon taking damage.
You passively map a small area around you.
You are robust. (+10% HP)
You are resistant to electric shocks. (rElec)
You evolve.
You expend magic power (3 MP) to strengthen your wands.


Message History

Okay, then.
You eat one of the 9 rations.
That ration really hit the spot!
You flicker for a moment.
Something hits you.
* * * LOW HITPOINT WARNING * * *
Something hits you but does no damage.
You closely miss something. You claw something. Your headbutt misses something.
Something hits you.
* * * LOW HITPOINT WARNING * * *
You hit something. Your kick misses something. You headbutt something.
Something hits you.
* * * LOW HITPOINT WARNING * * *
Something hits you.
* * * LOW HITPOINT WARNING * * *
Something hits you.
* * * LOW HITPOINT WARNING * * *
As you read the scroll of teleportation, it crumbles to dust.
You feel strangely unstable. Something hits you.
You die... "This toy is broken."

, , , #. ##...## *.#
,#.....## # ..
#......## , , * *
#.,.#........## .,,
#. .#..#.....##... ,
* , #.#..#..#........
* , #...#...#.......
, #..##@[#....... ,
*####..#..##..... * *
###.######.#......
###....#.###........
#...................,
#...#....#..##.#....
#.......###.........
#.#._.#.##..#.##....
*
#...†.....#####,....


There were no monsters in sight!

Vanquished Creatures
  A hippogriff (D:6)
  A sky beast (D:5)
  A porcupine (D:6)
  An ice beast (D:6)
  2 orc warriors (D:6)
  An ogre (D:6)
  2 necrophages
  A centaur (D:6)
  2 bullfrogs (D:6)
  A scorpion (D:6)
  A howler monkey (D:5)
  A crimson imp (D:6)
  A centaur zombie (D:5)
  A hound (D:5)
  2 jellies (D:6)
  3 orc priests
  Crazy Yiuf (D:2)
  9 orc wizards
  Natasha (twice) (D:3)
  An iguana (D:5)
  5 worker ants
  A hound skeleton (D:4)
  A howler monkey zombie (D:7)
  Robin (D:2)
  6 gnolls (D:3)
  8 adders
  2 shadow imps (D:5)
  5 worms
  3 leopard geckos
  31 orcs
  2 ball pythons
  9 bats
  4 giant cockroaches
  13 goblins
  7 hobgoblins
  9 jackals
  4 quokkas
  A frilled lizard (D:1)
  5 kobolds
  4 rats
156 creatures vanquished.

Vanquished Creatures (collateral kills)
  A phantom (D:6)
  Natasha (D:3)
  An orc (D:5)
  A goblin (D:3)
  A quokka (D:3)
  A quokka skeleton (D:5)
6 creatures vanquished.

Grand Total: 162 creatures vanquished

Notes
Turn   | Place    | Note
-------+----------+-------------------------------------------
     0 | D:1      | BigChef the Demonspawn Chaos Knight began the quest for the Orb.
     0 | D:1      | Reached XP level 1. HP: 18/18 MP: 1/1
    37 | D:1      | XOM: potion effect (invisibility)
   191 | D:1      | Gained mutation: Your flesh is heat resistant. (rF+) [demonic ancestry]
   191 | D:1      | Reached XP level 2. HP: 13/24 MP: 2/2
   784 | D:2      | Found a runed door.
   830 | D:2      | Reached skill level 1 in Dodging
   830 | D:2      | Reached skill level 3 in Unarmed Combat
   830 | D:2      | Reached XP level 3. HP: 17/29 MP: 3/3
  1100 | D:2      | XOM: harmless Erth miscast
  1161 | D:2      | XOM: harmless Fire miscast
  1275 | D:2      | XOM: divination: magic mapping
  1276 | D:2      | XOM: smoke on damage
  1340 | D:2      | XOM is BORED!
  1340 | D:2      | XOM: harmless Air miscast
  1412 | D:2      | XOM: butterfly on damage
  1413 | D:2      | XOM: silly message
  1442 | D:2      | HP: 1/29 [worm (5)]
  1763 | D:2      | Noticed Robin
  1771 | D:2      | XOM: silly message
  1777 | D:2      | XOM: noise
  1781 | D:2      | Gained mutation: You have sharp toenails. [demonic ancestry]
  1781 | D:2      | Reached XP level 4. HP: 35/35 MP: 4/4
  1824 | D:2      | XOM: mild Erth miscast
  1831 | D:2      | Killed Robin
  2152 | D:2      | Noticed Crazy Yiuf
  2161 | D:2      | Killed Crazy Yiuf
  2228 | D:2      | XOM: give mutations
  2228 | D:2      | Gained mutation: Your body sometimes deteriorates upon taking damage. [Xom's mischief]
  2228 | D:2      | Gained mutation: You are dopey. (Int -2) [Xom's mischief]
  2228 | D:2      | Gained mutation: You have razor-sharp toenails. [Xom's mischief]
  2228 | D:2      | Gained mutation: Armour fits poorly on your strangely shaped body. [Xom's mischief]
  2400 | D:3      | XOM: stat loss: -1 Int (10/11)
  2423 | D:3      | Noticed Natasha
  2426 | D:3      | Reached XP level 5. HP: 36/41 MP: 5/5
  2433 | D:3      | XOM: summons 5 friendly demons
  2445 | D:3      | Killed Natasha
  2445 | D:3      | Reached skill level 4 in Unarmed Combat
  2455 | D:3      | XOM: smoke on damage
  2465 | D:3      | XOM: mild Conj miscast
  2500 | D:3      | Noticed Natasha
  2506 | D:3      | XOM: confuse monster(s)
  2512 | D:3      | Killed Natasha
  2556 | D:3      | Noticed Natasha
  2573 | D:3      | XOM: silly message
  2574 | D:3      | Killed Natasha
  2574 | D:3      | Reached skill level 1 in Stealth
  2581 | D:3      | Found a glowing golden altar of the Shining One.
  2592 | D:3      | XOM: harmless Erth miscast
  2721 | D:3      | XOM: harmless Air miscast
  3035 | D:3      | Reached XP level 6. HP: 29/47 MP: 6/6
  3040 | D:3      | XOM: fake destruction
  3516 | D:3      | XOM: scenery: 2 doors open, 2 doors close
  3713 | D:4      | XOM: god gift: scroll labeled MYT WOSMABB {god gift}
  3754 | D:4      | XOM: noise
  3777 | D:4      | XOM: noise
  3839 | D:4      | Found a burning altar of Makhleb.
  3839 | D:4      | Found a sacrificial altar of Ru.
  3840 | D:4      | Found a deep blue altar of Sif Muna.
  3857 | D:4      | XOM: noise
  4179 | D:4      | Found a blossoming altar of Fedhas.
  4276 | D:4      | XOM: medium Erth miscast
  4452 | D:5      | Entered Level 5 of the Dungeon
  4687 | D:4      | Reached skill level 5 in Unarmed Combat
  4699 | D:4      | Reached skill level 1 in Shields
  4719 | D:4      | XOM: god gift: bubbling red potion {god gift}
  4874 | D:5      | Noticed a sky beast
  4888 | D:5      | XOM: summons 2 friendly demons
  4897 | D:5      | Killed a sky beast
  4897 | D:5      | Gained mutation: You are partially covered in molten scales. (AC +2) [demonic ancestry]
  4897 | D:5      | Reached XP level 7. HP: 48/53 MP: 7/7
  4913 | D:5      | XOM: fog
  5387 | D:5      | XOM: give mutations
  5387 | D:5      | Gained mutation: Your flesh is very heat resistant. (rF++) [Xom's grace]
  5387 | D:5      | Gained mutation: You are mostly covered in molten scales. (AC +3) [Xom's grace]
  5387 | D:5      | Lost mutation: You are dopey. (Int -2) [Xom's grace]
  5387 | D:5      | Gained mutation: You passively map a small area around you. [Xom's grace]
  5406 | D:5      | XOM: give mutations
  5406 | D:5      | Gained mutation: You have a pair of small horns on your head. [Xom's grace]
  5406 | D:5      | Gained mutation: Your flesh is almost immune to the effects of heat. (rF+++) [Xom's grace]
  5406 | D:5      | Gained mutation: You are robust. (+10% HP) [Xom's grace]
  5438 | D:5      | XOM: mild Erth miscast
  5441 | D:5      | Reached skill level 6 in Unarmed Combat
  5507 | D:5      | Found a staircase to the Ecumenical Temple.
  5543 | D:5      | XOM: enchant monster (good)
  5615 | D:5      | Found a stormy altar of Qazlal.
  5725 | D:5      | XOM: god gift: ring mail {god gift}
  5779 | D:6      | Noticed Eustachio
  5812 | D:6      | XOM: divination: magic mapping
  5857 | D:6      | Found a snail-covered altar of Cheibriados.
  5866 | D:6      | Noticed Eustachio
  5866 | D:6      | Eustachio changed into Eustachio the porcupine
  5866 | D:6      | XOM: polymorph Eustachio -> Eustachio the porcupine
  5878 | D:6      | XOM: scenery: create altars
  5885 | D:6      | Killed Eustachio the porcupine
  5885 | D:6      | Gained mutation: When hurt, damage is shared between your health and your magic reserves. [demonic ancestry]
  5885 | D:6      | Reached XP level 8. HP: 38/66 MP: 8/8
  5944 | D:6      | XOM: cloud trail
  6068 | D:6      | Noticed a hippogriff
  6074 | D:6      | XOM: 8-stop teleportation journey
  6085 | D:6      | XOM: fog
  6286 | D:6      | XOM: 8-stop teleportation journey
  6363 | D:6      | XOM: god gift: 20 gold pieces
  6378 | D:6      | XOM: smoke on damage
  6388 | D:6      | XOM: scenery: create altars
  6444 | D:6      | XOM: give mutations
  6444 | D:6      | Gained mutation: You are somewhat resistant to further mutation. [Xom's grace]
  6444 | D:6      | Lost mutation: You are somewhat resistant to further mutation. [Xom's grace]
  6444 | D:6      | Gained mutation: You evolve. [Xom's grace]
  6444 | D:6      | Gained mutation: You rapidly evolve. [Xom's grace]
  6444 | D:6      | Gained mutation: You expend magic power (3 MP) to strengthen your wands. [Xom's grace]
  6571 | D:5      | XOM: scenery: create altars
  6623 | D:5      | Gained mutation: You are agile. (Dex +2) [evolution]
  6775 | D:6      | Reached skill level 7 in Unarmed Combat
  6790 | D:6      | XOM: god gift: phial of floods
  6853 | D:6      | XOM: scenery: create altars
  6867 | D:6      | XOM: confuse monster(s)
  6952 | D:6      | XOM: mild Tloc miscast
  7081 | D:6      | XOM: harmless Ice miscast
  7152 | D:6      | Gained mutation: You are resistant to electric shocks. (rElec) [evolution]
  7152 | D:6      | Lost mutation: You rapidly evolve. [decline of evolution]
  7215 | D:6      | Killed a hippogriff
  7245 | D:6      | Reached skill level 8 in Unarmed Combat
  7275 | D:6      | Reached XP level 9. HP: 70/71 MP: 7/9
  7430 | D:6      | XOM: smoke on damage
  7675 | D:5      | XOM: harmless Tloc miscast
  7821 | D:7      | Found a radiant altar of Vehumet.
  7864 | D:7      | HP: 3/71 [something (5)]
  7865 | D:7      | Slain by an unseen horror

Vault maps used:
D:1:      elethiomel_arrival_shortcut
D:2:      first_ration, minmay_tripent, uniq_crazy_yiuf_cottage, uniq_robin
D:3:      old_standard_altar, gup_sewer_entry_bowl, uniq_natasha
D:4:      marbit_many_paths, gammafunk_temple_overflow_claw, nrook_loot_triangle
D:5:      nicolae_qazlal_eye_of_the_storm, minmay_temple_entry_enclosed_plants,
          item_on_display_a
D:6:      basic_altar, uniq_eustachio
D:7:      vehumet_altar_wand_db, serial_shops, kennysheep_mini

Skill      XL: |  1  2  3  4  5  6  7  8 |
---------------+-------------------------+-----
Armour         | 2 3 4 |  4.2
Dodging        | 1 2 3 4 |  4.4
Unarmed Combat | 3 4 5 6 8 |  8.5
Stealth        | 1 2 |  2.9
Shields        | 1 2 |  2.6
Fighting       | 4 |  4.2
Evocations     | |  0.2

Action                   |  1- 3 |  4- 6 |  7- 9 || total
-------------------------+-------+-------+-------++-------
Melee: Unarmed           |   151 |   311 |   352 ||   814
       Kick              |       |    75 |   103 ||   178
       Headbutt          |       |       |    63 ||    63
 Abil: Evoke Invisibilit |       |       |     1 ||     1
Evoke: Phial of floods   |       |       |     1 ||     1
  Use: Scroll            |     5 |     4 |    11 ||    20
       Potion            |       |     6 |     2 ||     8
 Stab: Invisible         |     1 |       |       ||     1
       Sleeping          |     1 |       |     2 ||     3
       Paralysed         |       |       |     4 ||     4
  Eat: Chunk             |     1 |     2 |       ||     3
       Ration            |     1 |     2 |     5 ||     8
Armor: Ring mail         |    29 |       |       ||    29
       Leather armour    |    41 |    88 |   133 ||   262
       Skin              |       |    21 |       ||    21
Dodge: Dodged            |    82 |   139 |   195 ||   416
Block: Buckler           |    18 |    41 |    71 ||   130

Table legend:
 A = Spawn XP
 B = Non-spawn XP
 C = Spawn XP percentage of total XP
 D = Spawn monster count
 E = Non-spawn monster count
 F = Spawn count percentage of total count
 G = Total turns spent on level
                    A         B        C        D         E        F      G
               +---------+---------+-------+---------+---------+-------+---------
         Total |       0 |    3258 |   0.0 |       0 |     162 |   0.0 |  7865
               +---------+---------+-------+---------+---------+-------+---------
           D:1 |       0 |      18 |   0.0 |       0 |      12 |   0.0 |   730
           D:2 |       0 |     157 |   0.0 |       0 |      32 |   0.0 |  1547
           D:3 |       0 |     251 |   0.0 |       0 |      33 |   0.0 |  1275
           D:4 |       0 |     151 |   0.0 |       0 |      14 |   0.0 |  1042
           D:5 |       0 |     727 |   0.0 |       0 |      30 |   0.0 |  1677
           D:6 |       0 |    1847 |   0.0 |       0 |      34 |   0.0 |  1423
           D:7 |       0 |     107 |   0.0 |       0 |       7 |   0.0 |   171
               +---------+---------+-------+---------+---------+-------+---------
